 Dungeon Crawl Stone Soup version 0.21-a0-508-gf08a75f (webtiles) character file.

19 slep the Skirmisher (level 2, -1/24 HPs)
             Began as a Demonspawn Fighter on Nov 29, 2017.
             Slain by a goblin
             ... wielding a +0 club
              (3 damage)
             ... on level 1 of the Dungeon.
             The game lasted 00:01:17 (319 turns).

slep the Skirmisher (Demonspawn Fighter)             Turns: 319, Time: 00:01:18

Health: -1/24      AC:  3    Str: 16    XL:     2   Next: 55%
Magic:  2/2        EV:  8    Int:  9    God:
Gold:   0          SH:  8    Dex: 12    Spells: 1/1 levels left

rFire    . . .     SeeInvis .   a - +0 trident
rCold    . . .     Gourm    .   c - +0 shield
rNeg     . . .     Faith    .   e - +0 leather armour (curse)
rPois    .         Spirit   .   (no helmet)
rElec    .         Reflect  .   (no cloak)
rCorr    .         Harm     .   (no gloves)
MR       .....                  (no boots)
Stlth    +.........             (no amulet)
HPRegen  0.08/turn              (no ring)
MPRegen  0.08/turn              (no ring)

@: no status effects
A: claws 1
a: no special abilities


You were on level 1 of the Dungeon.
You were not hungry.

You visited 1 branch of the dungeon, and saw 1 of its levels.

Inventory:

Hand Weapons
 a - a +0 trident (weapon)
Armour
 b - a +0 scale mail
 c - a +0 shield (worn)
 e - a cursed +0 leather armour (worn)
Scrolls
 g - a scroll of remove curse {unknown}
 i - a scroll of identify {unknown}
Potions
 d - a potion of might
 j - a potion of curing {unknown}
 k - 2 potions of heal wounds {unknown}
Comestibles
 f - a bread ration


   Skills:
 + Level 3.3 Fighting
 + Level 1.8 Polearms
 + Level 2.9 Armour
 + Level 0.2 Dodging
 + Level 0.2 Stealth
 + Level 2.9 Shields


You had one spell level left.
You didn't know any spells.

Dungeon Overview and Level Annotations

Branches:
Dungeon (1/15)

Altars:


Innate Abilities, Weirdness & Mutations

You have sharp fingernails.


Message History

A jackal comes into view.
The kobold throws a stone.
The stone barely misses you.
Found a spear.
You barely miss the jackal. You block the jackal's attack.
The jackal barely misses you.
You see here a stone.
You closely miss the jackal. The jackal barely misses you. x2
You puncture the jackal!
You kill the jackal!
The goblin hits you with a club.
* * * LOW HITPOINT WARNING * * *
All of the chunks of flesh in your inventory have rotted away.
You closely miss the goblin. The goblin hits you with a club.
* * * LOW HITPOINT WARNING * * *
You barely miss the goblin. You block the goblin's attack.
You barely miss the goblin. The goblin barely misses you.
You barely miss the goblin. You block the goblin's attack.
The goblin completely misses you.
You barely miss the goblin. The goblin hits you with a club.
You die...

#).......##.†#
#........##..#
#........##..# #K..#
#..# ###(..###..#
#K..#......#
#h###.####.# #g# .# #.#
#@####.###.#
#######'#.....##.#
#....(....##..##.#######
#.........##..##........
#.............##.#######
#......†)##.#.##.#
#######+#.#.#..#.#####
#.#.#.#..#.....#
#.#...#....###.#


You could see a jackal, a goblin and a kobold.

Vanquished Creatures
  A leopard gecko (D:1)
  2 bats (D:1)
  4 goblins (D:1)
  4 hobgoblins (D:1)
  A jackal (D:1)
  A kobold (D:1)
  A frilled lizard (D:1)
  2 rats (D:1)
16 creatures vanquished.

Notes
Turn   | Place    | Note
-------+----------+-------------------------------------------
     0 | D:1      | slep the Demonspawn Fighter began the quest for the Orb.
     0 | D:1      | Reached XP level 1. HP: 18/18 MP: 1/1
    90 | D:1      | Gained mutation: You have sharp fingernails. [demonic ancestry]
    90 | D:1      | Reached XP level 2. HP: 6/24 MP: 2/2
   319 | D:1      | Slain by a goblin

Vault maps used:
D:1:      dpeg_arrival_tiny_k

Action                   || total
-------------------------++-------
Melee: Trident           ||    49
Armor: Leather armour    ||    10
Dodge: Dodged            ||    20
Block: Shield            ||    21

Table legend:
 A = Spawn XP
 B = Non-spawn XP
 C = Spawn XP percentage of total XP
 D = Spawn monster count
 E = Non-spawn monster count
 F = Spawn count percentage of total count
 G = Total turns spent on level
                    A         B        C        D         E        F      G
               +---------+---------+-------+---------+---------+-------+---------
         Total |       0 |      28 |   0.0 |       0 |      16 |   0.0 |   319
               +---------+---------+-------+---------+---------+-------+---------
           D:1 |       0 |      28 |   0.0 |       0 |      16 |   0.0 |   319
               +---------+---------+-------+---------+---------+-------+---------
